 Dungeon Crawl Stone Soup version 0.26.1-11-gd32895ea62 (webtiles) character file.

Game seed: 14931534473974020449

182 Descartes the Magician (level 5, -1/31 HPs)
             Began as a Deep Elf Wanderer on July 13, 2021.
             Slain by an adder (2 damage)
             ... on level 3 of the Dungeon.
             The game lasted 00:06:51 (4436 turns).

Descartes the Magician (Deep Elf Wanderer)          Turns: 4436, Time: 00:06:53

Health: -1/31      AC:  2    Str:  9    XL:     5   Next: 35%
Magic:  4/14       EV: 13    Int: 19    God:
Gold:   108        SH:  0    Dex: 13    Spells: 10/14 levels left

rFire    . . .     SeeInvis .   a - +2 dagger
rCold    . . .     Faith    .   (no shield)
rNeg     . . .     Spirit   .   e - +0 robe
rPois    .         Reflect  .   (no helmet)
rElec    .         Harm     .   (no cloak)
rCorr    .         Rampage  .   (no gloves)
Will     .....     Rnd*Tele +   (no boots)
Stlth    +.........             (no amulet)
HPRegen  0.10/turn              p - ring of teleportation (curse)
MPRegen  0.14/turn              (no ring)

@: lethally poisoned (-1 -> -9)
A: no striking features
a: no special abilities


You were on level 3 of the Dungeon.
You visited 1 branch of the dungeon, and saw 4 of its levels.

You collected 108 gold pieces.

Inventory:

Hand Weapons
 a - a +2 dagger (weapon)
Missiles
 b - 4 curare-tipped darts (quivered)
 d - 80 stones
 g - 47 arrows
 k - 6 silver javelins
 m - 22 sling bullets
Armour
 e - a +0 robe (worn)
Jewellery
 p - a cursed ring of teleportation (left hand)
Scrolls
 c - a scroll of teleportation
 f - 6 scrolls of identify
 i - a scroll of magic mapping
 l - a scroll of remove curse
 n - a scroll of amnesia
 o - a scroll of blinking
 q - a scroll of immolation {unknown}
Potions
 j - a potion of degeneration
 r - 2 potions of cancellation {unknown}
 s - a potion of flight {unknown}
 t - a potion of haste {unknown}


   Skills:
 - Level 2.4 Fighting
 - Level 1.0 Throwing
 + Level 3.1 Dodging
 - Level 5.0 Spellcasting
 + Level 3.8 Conjurations
 + Level 2.9 Fire Magic
 - Level 1.1 Evocations


You had 10 spell levels left.
You knew the following spells:

 Your Spells              Type           Power        Failure   Level
a - Foxfire               Conj/Fire      68%          3%          1
b - Dazzling Flash        Conj/Hex       22%          17%         3

Your spell library contained the following spells:

 Spells                   Type           Power        Failure   Level


Dungeon Overview and Level Annotations

Branches:
Dungeon (4/15)
 Temple: D:4-7

Altars:
Ashenzari
Dithmenos
Hepliaklqana
Nemelex Xobeh
Ru
Trog
Uskayaw
Zin


Message History

The adder bites you but does no damage.
You feel sick. The adder misses you.
There is a stone staircase leading up here.
The adder barely misses you.
You climb upwards.
There is a stone staircase leading down here.
You hit the adder.
The adder is moderately wounded.
You feel sick. The adder closely misses you.
You closely miss the adder.
The adder is moderately wounded.
The adder bites you.
* * * LOW HITPOINT WARNING * * *
You hit the adder.
The adder is heavily wounded.
The adder bites you.
* * * LOW HITPOINT WARNING * * *
You are more poisoned.
The adder poisons you! The adder bites you.
You die...

#..# #..###..#######.### ##.#
#..# ##..##........ #.#
##..#####.##.#####..
###.###............#(..#..
#......##..####.#..#(..#..
#......###..###.##.#####..
#####........................
##...##.......S...#.##..._...#
##.....##.....@....#.###.....†#
#....)..#..........#.# ##.#..>.
##.#._.#.#.##.#..)....####...###
#..##.##..................#[##
#...###....#.#..............#
##.........#.#.............## #
##.......##.####...........####
###....###.# #........)#.....
###### #.# #........###....


You could see an adder.

Vanquished Creatures
  A howler monkey (D:4)
  A hound (D:4)
  A worker ant (D:4)
  2 adders
  2 worms
  3 dart slugs (D:2)
  2 leopard geckos (D:2)
  2 orcs (D:3)
  8 bats
  2 giant cockroaches
  10 goblins
  8 hobgoblins
  A jackal (D:4)
  8 frilled lizards
  9 kobolds
  3 rats (D:1)
63 creatures vanquished.

Vanquished Creatures (others)
  356 foxfires
356 creatures vanquished.

Grand Total: 419 creatures vanquished

Notes
Turn   | Place    | Note
-------+----------+-------------------------------------------
     0 | D:1      | Descartes the Deep Elf Wanderer began the quest for the
                  | Orb.
     0 | D:1      | Descartes set off with the following items: a +2 dagger, 4
                  | curare-tipped darts, a scroll of teleportation, a +0 robe;
                  | and the following spell memorised: Foxfire; and the
                  | following spells available to memorise: Dazzling Flash
     0 | D:1      | Reached XP level 1. HP: 13/13 MP: 7/7
   293 | D:1      | Reached XP level 2. HP: 18/18 MP: 3/9
   451 | D:1      | Reached skill level 1 in Dodging
   913 | D:1      | Reached skill level 1 in Fire Magic
  1745 | D:2      | Reached XP level 3. HP: 22/22 MP: 3/11
  2083 | D:2      | Reached skill level 5 in Spellcasting
  2839 | D:2      | Found a sacrificial altar of Ru.
  2846 | D:2      | Found a bloodstained altar of Trog.
  2849 | D:2      | Found a sparkling altar of Nemelex Xobeh.
  2849 | D:2      | Found a hazy altar of Hepliaklqana.
  2850 | D:2      | Found a glowing silver altar of Zin.
  2857 | D:2      | Found a broken altar of Ashenzari.
  3095 | D:3      | Found a hide-covered altar of Uskayaw.
  3095 | D:3      | Noticed a +0 hand axe
  3095 | D:3      | Noticed a +0 dagger
  3112 | D:3      | Reached XP level 4. HP: 27/27 MP: 4/13
  3287 | D:3      | Learned a level 3 spell: Dazzling Flash
  3460 | D:3      | HP: 1/27 [orc/+0 dagger (2)]
  3695 | D:3      | Found a shadowy altar of Dithmenos.
  4411 | D:4      | Reached XP level 5. HP: 22/31 MP: 3/14
  4436 | D:3      | HP: 1/31 [adder (5)]
  4436 | D:3      | Slain by an adder

Illustrated notes

Levels and vault maps discovered:
D:1:      tarquinn_simple_flora_water_f, layout_basic
D:2:      layout_loops_ring, minitemple, minmay_stone_trees_small
D:3:      layout_rooms, nicolae_dithmenos_through_a_glass_darkly,
          dancing_weapons_uskayaw
D:4:      layout_basic, grunt_gozag_breadcrumbs, gup_sewer_entry_bubbles,
          minmay_checkerbox

Skill      XL: |  1  2  3  4 |
---------------+-------------+-----
Dodging        | 1 2 3 |  3.1
Fire Magic     | 1 2 |  2.9
Spellcasting   | 5 |  5.0
Conjurations   | 3 |  3.8
Fighting       | |  2.4
Throwing       | |  1.0
Evocations     | |  1.1

Action                   |  1- 3 |  4- 6 || total
-------------------------+-------+-------++-------
Melee: Dagger            |       |    23 ||    23
 Cast: Foxfire           |   179 |    60 ||   239
       Dazzling Flash    |       |     1 ||     1
  Use: Scroll            |     6 |       ||     6
       Potion            |       |     1 ||     1
Armor: Robe              |     1 |     8 ||     9
Dodge: Dodged            |     9 |    31 ||    40
